AoeStats
← HR nomadplayer

African Clearing

506012151Analyzed
4v4 RM · 21d ago on Sep 12, 2026· 24m 13s· 8 players
Game mode
Random Map
Map size
Large (8 player)
Population
200
Speed
Normal
Resources
Standard
Victory
Conquest
Starting age
Dark Age
Ending age
Imperial Age
RankedLock teamsTeams togetherTeam positionsShared explorationLock speedFull tech treeHidden civsTurbo modeCheats
Victory
Defeat
🇧🇷 Vikings · Brazil
1789
+13
🇨🇦 Magyars · Canada
1760
+14
🇧🇷 Spanish · Brazil
1705
+17
🇧🇷 Maya · Brazil
1665
+18
🇨🇱 Hindustanis · Chile
1853
-20
🇨🇱 Slavs · Chile
1785
-18
🇨🇱 Wu · Chile
1706
-15
🇨🇱 Burmese · Chile
1548
-9
HR nomadplayer
4:38 Loom
10:09 Loom
12:35 Feudal Age
13:08 Double-Bit Axe
15:15 Horse Collar
19:29 Scale Barding Armor
21:03 Forging
happix
5:33 Loom
13:29 Feudal Age
18:33 Castle Age
HR pikoLein
12:18 Feudal Age
11:52 Loom
16:10 Castle Age
14:35 Double-Bit Axe
19:31 Bow Saw
HR Melodias
11:17 Loom
13:36 Feudal Age
17:42 Castle Age
15:45 Double-Bit Axe
16:14 Horse Collar
18:47 Bow Saw
19:17 Wheelbarrow
19:11 Gold Mining
24:44 Hand Cart
Fs.BlinkAoE
5:41 Loom
11:19 Feudal Age
11:55 Double-Bit Axe
14:47 Horse Collar
16:52 Scale Barding Armor
17:55 Wheelbarrow
22:45 Castle Age
21:44 Bloodlines
22:51 Light Cavalry
Fs. Morre na Imp
4:11 Loom
4:34 Loom
12:02 Feudal Age
13:59 Double-Bit Axe
15:55 Fletching
24:14 Castle Age
22:41 Horse Collar
Fs.Diablo
2:45 Loom
11:36 Feudal Age
12:55 Double-Bit Axe
14:41 Fletching
19:48 Town Watch
20:55 Horse Collar
24:21 Castle Age
23:08 Padded Archer Armor
22:59 Gold Mining
Fs.Nicolau Mendes
11:27 Loom
13:35 Feudal Age
14:55 Double-Bit Axe
17:32 Castle Age
18:37 Bow Saw
19:46 Horse Collar
Connection lost

Rejoining the realm…

Still unreachable

The connection could not be restored.

Session expired

The server has moved on; the page needs a fresh start.